 Dungeon Crawl Stone Soup version 0.17.2-1-ge4368a0 (webtiles) character file.

67 ololoev the Skirmisher (level 3, 20/29 HPs)
             Began as a Demonspawn Fighter on Oct 25, 2016.
             Was a Follower of Sif Muna.
             Quit the game on level 3 of the Dungeon.
             The game lasted 00:04:44 (626 turns).

ololoev the Skirmisher (Demonspawn Fighter)          Turns: 626, Time: 00:04:45

Health: 20/29      AC:  8    Str: 17    XL:     3   Next: 98%
Magic:  3/3        EV:  2    Int:  9    God:    Sif Muna [*.....]
Gold:   89         SH:  8    Dex: 12    Spells: 0 memorised, 2 levels left

rFire  . . .     SeeInvis .     a - +0 war axe
rCold  . . .     Clarity  .     b - +0 scale mail
rNeg   + . .     SustAt   .     c - +0 shield
rPois  .         Gourm    .     (no helmet)
rElec  .         Spirit   .     (no cloak)
rCorr  .         Warding  +     l - +0 pair of gloves
rMut   .         Stasis   .     (no boots)
MR     .....                    f - amulet of warding
Stlth  ..........               (no ring)
                                h - -4 ring of evasion (curse)

@: not resistant to hostile enchantments, extremely unstealthy
A: icy blue scales 1
a: Channel Energy, Renounce Religion


Innate Abilities, Weirdness & Mutations

You are partially covered in icy blue scales (AC +1).

Inventory:

Hand Weapons
 a - a +0 war axe (weapon)
Armour
 b - a +0 scale mail (worn)
 c - a +0 shield (worn)
 l - a +0 pair of gloves (worn)
Jewellery
 f - an amulet of warding (around neck)
 h - a cursed -4 ring of evasion (left hand)
Scrolls
 i - a scroll of fog {unknown}
 k - a scroll of remove curse {unknown}
 m - a scroll of teleportation {unknown}
Potions
 d - a potion of might
 g - a potion of invisibility {unknown}
Comestibles
 e - a bread ration
 j - 3 fruits


   Skills:
 + Level 3.6 Fighting
 * Level 3.0 Axes
 + Level 3.1 Armour
 - Level 2.6 Shields


You had 2 spell levels left.
You didn't know any spells.


You were on level 3 of the Dungeon.
You worshipped Sif Muna.
Sif Muna was aware of your devotion.
You were not hungry.

You visited 1 branch of the dungeon, and saw 3 of its levels.

You collected 89 gold pieces.

##########
#........#
#........#
#....8...#
#..$8.8..#
#..8.@.8.#
#...8.8..#
#....8...#
#.........#
#.#####..##
#.# #.# #.#
.# #.# .#
#.#

Notes
Turn   | Place    | Note
--------------------------------------------------------------
     0 | D:1      | ololoev the Demonspawn Fighter began the quest for the Orb.
     0 | D:1      | Reached XP level 1. HP: 18/18 MP: 1/1
   212 | D:1      | Gained mutation: You are partially covered in icy blue scales (AC +1). [demonic ancestry]
   212 | D:1      | Reached XP level 2. HP: 10/24 MP: 2/2
   362 | D:2      | Reached XP level 3. HP: 21/29 MP: 3/3
   509 | D:2      | Noticed Natasha
   516 | D:2      | Killed Natasha
   619 | D:3      | Found a faded altar to an unknown god.
   626 | D:3      | Became a worshipper of Sif Muna the Loreminder
   626 | D:3      | Reached * piety under Sif Muna
   626 | D:3      | Quit the game

Dungeon Overview and Level Annotations

Branches:
Dungeon (3/15)

Altars:
Sif Muna


Message History

Found two stone staircases leading up.
There is a stone staircase leading up here.
There is a stone staircase leading up here.
You climb upwards.
There is a stone staircase leading down here.
You climb downwards.
There is a stone staircase leading up here.
A bat comes into view.
You can't go up here!
The bat hits you but does no damage. The bat hits you but does no damage.
You block the bat's attack.
There is a stone staircase leading up here.
You hit the bat.
The bat is moderately wounded.
The bat hits you but does no damage. x3
You closely miss the bat. The bat hits you but does no damage.
You closely miss the bat. The bat hits you but does no damage.
The bat hits you but does no damage.
You climb upwards.
Found 10 gold pieces and 18 arrows.
There is a stone staircase leading down here.
You now have 89 gold pieces (gained 10).
There is a stone staircase leading down here.
You climb downwards.
There is a stone staircase leading up here.
The bat hits you but does no damage. x3
The bat hits you but does no damage. You block the bat's attack.
The bat hits you but does no damage. x2
You hit the bat.
You kill the bat!
You see here a bat corpse.
Found 15 gold pieces.
Found a faded altar to an unknown god.
There is a faded altar to an unknown god here.
This altar will convert you to a god.
You cannot discern which.
Do you pray? Sif Muna accepts your prayer! Sif Muna welcomes you!
You can now tap ambient magical fields.
Unknown command.
Are you sure you want to abandon this character and quit the game? (Confirm with "yes".)

There were no monsters in sight!

Vanquished Creatures
  Natasha (D:2)
  An adder (D:2)
  A worm (D:2)
  A giant gecko (D:2)
  A ball python (D:1)
  5 hobgoblins
  8 kobolds
  A quokka (D:2)
  2 bats
  2 giant newts (D:1)
  2 goblins
  4 rats
29 creatures vanquished.

Action                   || total
-------------------------++-------
Melee: War axe           ||    83
  Use: Potion            ||     1

Vault maps used:
D:1:      dpeg_arrival_water_temple_mockup, amethyst_killhole
D:2:      minmay_kobold_bridge, kennysheep_another_room, uniq_natasha
D:3:      first_bread, serial_curves, eino_curves_01, eino_curves_01,
          eino_curves_02, eino_curves_04, ecumenical_altar_2
